 Dungeon Crawl Stone Soup version 0.16-a0-3843-ged98c6c (webtiles) character file.

304 Gronka the Ruffian (level 6, -5/56 HPs)
             Began as a Minotaur Monk on Jan 30, 2015.
             Was a Believer of Qazlal.
             Slain by an orc priest
             ... wielding a +2 falchion of holy wrath
              (9 damage)
             ... on level 4 of the Dungeon.
             The game lasted 00:07:26 (2636 turns).

Gronka the Ruffian (Minotaur Monk)                  Turns: 2636, Time: 00:07:26

Health: -5/56      AC:  2    Str: 16    XL:     6   Next: 15%
Magic:  3/3        EV: 18    Int:  7    God:    Qazlal [**....]
Gold:   94         SH:  3    Dex: 17    Spells: 0 memorised, 5 levels left

rFire  . . .     SeeInvis .       - Unarmed
rCold  . . .     Clarity  .     a - +0 robe
rNeg   . . .     SustAb   .     (no shield)
rPois  .         Gourm    .     (helmet restricted)
rElec  .         Spirit   .     (no cloak)
rCorr  .         Warding  .     (no gloves)
rMut   .         Stasis   .     (no boots)
MR     .....                    (no amulet)
Stlth  ++........               j - +3 ring of evasion
                                c - +3 ring of dexterity

@: hasted, very quick, not resistant to hostile enchantments, unstealthy
A: retaliatory headbutt, horns 2
a: Upheaval, Renounce Religion


You were on level 4 of the Dungeon.
You worshipped Qazlal.
Qazlal was pleased with you.
You were not hungry.

You visited 1 branch of the dungeon, and saw 4 of its levels.

You collected 94 gold pieces.

Inventory:

Armour
 a - a +0 robe (worn)
Jewellery
 c - a +3 ring of dexterity (left hand)
 g - an uncursed ring of stealth
 j - a +3 ring of evasion (right hand)
Scrolls
 d - a scroll of blinking {unknown}
 e - 5 scrolls of identify {unknown}
 h - a scroll of magic mapping {unknown}
 i - a scroll of amnesia {unknown}
 m - a scroll of remove curse {unknown}
 n - a scroll of noise {unknown}
 o - a scroll of enchant armour {unknown}
Potions
 f - a potion of restore abilities
 p - a potion of lignification {unknown}
Comestibles
 b - 2 bread rations


   Skills:
 + Level 5.0 Fighting
 + Level 5.0 Dodging
 + Level 2.5 Stealth
 + Level 5.9 Unarmed Combat


You had 5 spell levels left.
You didn't know any spells.

Dungeon Overview and Level Annotations

Branches:
Dungeon (4/15)
 Temple: D:4-7

Altars:
Qazlal


Innate Abilities, Weirdness & Mutations

You reflexively headbutt those who attack you in melee.
You have a pair of horns on your head.


Message History

You barely miss the orc priest.
The orc priest is moderately wounded.
The orc priest invokes the aid of Beogh against you.
Something smites you!
* * * LOW HITPOINT WARNING * * *
You barely miss the orc priest. You headbutt the orc priest.
The orc priest is severely wounded.
Drink which item? (? for menu, Esc to quit)
You feel better.
The orc priest hits you with a falchion of holy wrath.
* * * LOW HITPOINT WARNING * * *
You hit the orc priest.
The orc priest is severely wounded.
The orc priest hits you with a falchion of holy wrath.
* * * LOW HITPOINT WARNING * * *
The orc priest's eyes start to glow.
Drink which item? (? for menu, Esc to quit)
It was a potion of haste.
You feel yourself speed up.
The orc priest hits you with a falchion of holy wrath!
You die...

#.#####.......#
###'#...#.#######
#.......#.# #.....#.#.#
#.....#.#.# ##....#<#)#
#....###.# #.(....#.#
##@#...#[# #o#...#(#
#.....o#...#.###
#......#...#(#.########
........#...#)#.........
........................
.#####.#...#÷#.#..#####
#.#...#.#.#.†..[..
.........[..######


You could see 2 orc priests.

Vanquished Creatures
  A phantom (D:4)
  3 orc wizards (D:3)
  A worker ant zombie (D:3)
  A gnoll (D:3)
  2 adders (D:3)
  A giant mite (D:3)
  2 worms
  3 giant geckos
  An ooze (D:1)
  7 orcs
  11 bats
  2 giant cockroaches
  6 goblins
  6 hobgoblins
  10 jackals
  6 kobolds
  7 rats
70 creatures vanquished.

Vanquished Creatures (others)
  An orc (D:4)
1 creature vanquished.

Grand Total: 71 creatures vanquished

Notes
Turn   | Place    | Note
--------------------------------------------------------------
     0 | D:1      | Gronka, the Minotaur Monk, began the quest for the Orb.
     0 | D:1      | Reached XP level 1. HP: 19/19 MP: 1/1
   176 | D:1      | Reached XP level 2. HP: 19/26 MP: 1/1
   616 | D:1      | Reached XP level 3. HP: 33/33 MP: 2/2
  1103 | D:2      | Found a stormy altar of Qazlal.
  1117 | D:2      | Reached skill level 5 in Unarmed Combat
  1150 | D:2      | Became a worshipper of Qazlal Stormbringer
  1150 | D:2      | Acquired Qazlal's first power
  1150 | D:2      | Acquired Qazlal's second power
  1621 | D:3      | Reached XP level 4. HP: 27/40 MP: 2/2
  1688 | D:3      | Reached XP level 5. HP: 19/47 MP: 2/2
  1696 | D:3      | HP: 1/47 [orc wizard/magic dart (7)]
  2319 | D:4      | Noticed a phantom
  2340 | D:4      | Killed a phantom
  2340 | D:4      | Reached skill level 5 in Fighting
  2340 | D:4      | Reached skill level 5 in Dodging
  2340 | D:4      | Reached XP level 6. HP: 16/56 MP: 3/3
  2636 | D:4      | Slain by an orc priest

Action                   |  1- 3 |  4- 6 || total
-------------------------+-------+-------++-------
Melee: Unarmed           |    83 |    94 ||   177
  Use: Potion            |       |     6 ||     6
 Stab: Sleeping          |     3 |       ||     3
  Eat: Bread ration      |     1 |     1 ||     2
